 Dungeon Crawl Stone Soup version 0.31-a0-441-g867994ef1c (webtiles) character file.

Game seed: 9774781960803867368

1460 tilp the Sneak (level 8, -1/58 (61) HPs)
             Began as a Vampire Enchanter on Aug 3, 2023.
             Was a Follower of Wu Jian.
             Slain by a wight
             ... wielding a +0 short sword
              (9 damage)
             ... on level 6 of the Dungeon.
             The game lasted 00:09:00 (4950 turns).

tilp the Sneak (Vampire Enchanter)                  Turns: 4950, Time: 00:09:01

HP:   -1/58 (61)    AC:  8    Str: 11    XL:     8   Next: 48%
MP:   1/14          EV: 14    Int: 24    God:    Wu Jian [*.....]
Gold: 268           SH:  0    Dex: 18    Spells: 4/15 levels left

rFire   . . .        a - +1 dagger
rCold   + . .        (no shield)
rNeg    . . .        k - +4 robe of Augmentation {Str+4 Int+4 Dex+4}
rPois   .            l - +0 helmet
rElec   .            v - +0 cloak
rCorr   .            (no gloves)
SInv    +            (no boots)
Will    .....        g - amulet of magic regeneration
Stlth   ++++         u - ring of protection from cold
HPRegen 0.49/turn    (no ring)
MPRegen 0.54/turn

%: no passive effects
@: healing quickly, lightly drained
A: alive, fangs 3, see invisible, vampiric 2
a: Exsanguinate, Renounce Religion


You were on level 6 of the Dungeon.
You worshipped Wu Jian.
Wu Jian was aware of your devotion.
You visited 2 branches of the dungeon, and saw 7 of its levels.
You also visited: Sewer.

You collected 268 gold pieces.

Inventory:

Hand Weapons
 a - a +1 dagger (weapon)
 b - a +0 dagger of venom
 h - a +1 dagger of holy wrath
 n - a +2 long sword of protection
Missiles
 i - 4 poisoned darts (quivered)
Armour
 f - the +0 pair of boots of the Onion {rElec rPois Dex-5 SInv}
   (You found it on level 3 of the Dungeon)

   Dex:       It affects your dexterity (-5).
   rElec:     It insulates you from electricity.
   rPois:     It protects you from poison.
   SInv:      It lets you see invisible.
 k - the +4 robe of Augmentation (worn) {Str+4 Int+4 Dex+4}
   (You found it on level 2 of the Dungeon)

   Str:       It affects your strength (+4).
   Int:       It affects your intelligence (+4).
   Dex:       It affects your dexterity (+4).
 l - a +0 helmet (worn)
 v - a +0 cloak (worn)
Jewellery
 g - an amulet of magic regeneration (around neck)
 u - a ring of protection from cold (left hand)
Wands
 p - a wand of flame (14)
Scrolls
 d - 3 scrolls of blinking
 m - 2 scrolls of identify
 r - a scroll of fog
Potions
 c - 3 potions of invisibility
 e - 2 potions of cancellation
 j - 4 potions of curing
 o - a potion of resistance
 q - a potion of heal wounds
 s - a potion of haste


   Skills:
 * Level 4.7 Fighting
 * Level 5.7 Short Blades
 - Level 4.0 Dodging
 + Level 7.4 Stealth
 + Level 4.0 Spellcasting
 + Level 6.9 Hexes


You had 4 spell levels left.
You knew the following spells:

 Your Spells              Type           Power      Damage    Failure   Level
a - Ensorcelled Hibernat  Hex/Ice        42%        N/A       3%          2
b - Confusing Touch       Hex            38%        N/A       1%          3
c - Tukima's Dance        Hex            38%        N/A       1%          3
d - Dazzling Flash        Conj/Hex       42%        N/A       7%          3

Your spell library contained the following spells:

 Spells                   Type           Power      Damage    Failure   Level
 Conjure Ball Lightning   Conj/Air       2%         3x3d6     100%        6
 Discord                  Hex            19%        N/A       100%        8
 Disjunction              Tloc           2%         N/A       100%        8


Dungeon Overview and Level Annotations

Branches:
Dungeon (6/15)             Temple (1/1) D:5           Sewer (visited)

Altars:
Ashenzari
Cheibriados
Gozag
Hepliaklqana
Kikubaaqudgha
Makhleb
Nemelex Xobeh
Qazlal
Ru
Sif Muna
Trog
Vehumet
Wu Jian
Xom
Yredelemnul

Shops:
D:5 *

Annotations:
D:3 flame vault


Innate Abilities, Weirdness & Mutations

Your natural rate of healing is accelerated.
You have razor-sharp teeth.
You have supernaturally acute eyesight. (SInv)
You are afflicted with vampirism and can become a bat while bloodless.


Message History

The wight is almost destroyed.
You hit the wight but do no damage.
The wight is almost destroyed.
You hit the wight. Your punch misses the wight.
You bite the wight, but do no damage.
The wight is almost destroyed.
The wight barely misses you.
The wight hits you with a +0 short sword.
* * * LOW HITPOINT WARNING * * *
You hit the wight.
You destroy the wight!
The Council accepts your kill.
The wight hits you with a +0 short sword.
* * * LOW HITPOINT WARNING * * *
You feel drained.
* * * LOW HITPOINT WARNING * * *
Casting: Tukima's Dance (safe; 1% risk of failure)
Confirm with . or Enter, or press ? or * to list all spells.
Aiming: Tukima's Dance (safe; 1% risk of failure)
Press: ? - help, Shift-Dir - straight line, f/p - wight
Aim: a wight, wielding a +0 short sword and wearing a +0 robe (chance to affect: 65%)
The wight struggles to resist.
The wight hits you but does no damage.
Unknown command.
Unknown command.
Casting: Tukima's Dance (safe; 1% risk of failure)
Confirm with . or Enter, or press ? or * to list all spells.
Aiming: Tukima's Dance (safe; 1% risk of failure)
Press: ? - help, Shift-Dir - straight line, f/p - wight
Aim: a wight, wielding a +0 short sword and wearing a +0 robe (chance to affect: 65%)
The wight struggles to resist.
The wight barely misses you.
Unknown command.
You hit the wight but do no damage. You barely miss the wight.
You bite the wight.
The wight is lightly damaged.
The wight hits you with a +0 short sword!
* * * LOW HITPOINT WARNING * * *
You barely miss the wight.
The wight is lightly damaged.
The wight hits you with a +0 short sword!
You die...

#.....#.......
#.....'.......
#...))#.z.....
#.....#.......
##########....#.......
........##)...#.......
........##)####.......
#......[#[............
.......@z.............
##########..........
#...................
#...................
................########.
...........)....#........
..........#)#####.......o
..........#....oo.....#
.##########.......o...#


You could see a wight.

Vanquished Creatures
  Grinder (D:3)
  A water moccasin (Sewer)
  An orc warrior (D:6)
  An ogre (D:5)
  A phantom (D:4)
  Blork the orc (D:4)
  A bullfrog (D:6)
  A scorpion (D:5)
  3 wights (D:6)
  2 hounds (D:5)
  An iguana (D:4)
  2 orc wizards (D:6)
  Robin (D:3)
  4 gnolls
  9 adders
  2 ufetubi (D:5)
  3 worms
  A dart slug (D:1)
  6 orcs
  5 ball pythons
  3 endoplasms
  6 giant cockroaches
  18 goblins
  11 hobgoblins
  8 jackals
  4 quokkas
  3 bats
  2 frilled lizards
  10 kobolds
  3 rats
115 creatures vanquished.

Vanquished Creatures (collateral kills)
  An ogre (D:5)
  A wight (D:6)
  A gnoll bouda (D:6)
  2 gnolls (D:6)
5 creatures vanquished.

Vanquished Creatures (others)
  2 dancing weapons (D:6)
2 creatures vanquished.

Grand Total: 122 creatures vanquished

Notes
Turn   | Place    | Note
-------+----------+-------------------------------------------
     0 | D:1      | tilp the Vampire Enchanter began the quest for the Orb.
     0 | D:1      | Reached XP level 1. HP: 13/13 MP: 3/3
   225 | D:1      | Reached XP level 2. HP: 20/20 MP: 5/5
   475 | D:1      | Reached skill level 1 in Fighting
  1001 | D:2      | Gained mutation: You are afflicted with vampirism and can
                  | become a bat while bloodless. [Vampire growth]
  1001 | D:2      | Reached XP level 3. HP: 26/26 MP: 6/6
  1004 | D:2      | Learned a level 2 spell: Ensorcelled Hibernation
  1199 | D:2      | Found the +4 robe of Augmentation {Str+4 Int+4 Dex+4}
  1945 | D:3      | Noticed Grinder
  2118 | D:3      | Identified the +0 pair of boots of the Onion {rElec rPois
                  | Dex-5 SInv}
  2144 | D:3      | Found a glowing drain.
  2171 | D:3      | Reached XP level 4. HP: 30/32 MP: 7/7
  2193 | D:3      | Learned a level 3 spell: Confusing Touch
  2194 | Sewer    | Entered a sewer
  2246 | Sewer    | Noticed a water moccasin
  2262 | Sewer    | Killed a water moccasin
  2263 | Sewer    | Reached skill level 5 in Stealth
  2263 | Sewer    | Reached skill level 5 in Hexes
  2263 | Sewer    | Reached XP level 5. HP: 7/38 MP: 3/9
  2620 | D:3      | Noticed Robin
  2666 | D:3      | Killed Robin
  2851 | D:3      | Learned a level 3 spell: Tukima's Dance
  3020 | D:3      | Killed Grinder
  3021 | D:3      | Reached XP level 6. HP: 14/46 MP: 10/10
  3334 | D:3      | Learned a level 3 spell: Dazzling Flash
  3448 | D:4      | Reached XP level 7. HP: 52/52 MP: 9/11
  3791 | D:4      | Reached skill level 6 in Stealth
  3995 | D:4      | Noticed Blork the orc
  4000 | D:4      | Killed Blork the orc
  4107 | D:5      | Entered Level 5 of the Dungeon
  4119 | D:5      | Found a staircase to the Ecumenical Temple.
  4139 | Temple   | Entered the Ecumenical Temple
  4176 | Temple   | Became a worshipper of the Wu Jian Council
  4279 | D:5      | Found Unaul's Mass Market.
  4776 | D:6      | Reached XP level 8. HP: 43/60 MP: 1/13
  4777 | D:6      | Reached skill level 5 in Short Blades
  4847 | D:6      | Reached skill level 7 in Stealth
  4924 | D:6      | Reached * piety under Wu Jian
  4950 | D:6      | Slain by a wight

Illustrated notes

Levels and vault maps discovered:
D:1:      dpeg_arrival_chambers_temple_mockup, layout_basic, interstate_on_off
D:2:      layout_basic
D:3:      layout_rooms, portal_sewer_entry_f, lemuel_flame_loot_1, uniq_grinder,
          uniq_robin
D:4:      layout_basic, mainiacjoe_overflow_concentric_impassable,
          kennysheep_minor_cross, uniq_blork_the_orc
D:5:      layout_rooms, minmay_temple_entry_wispy, minmay_shop_mass
D:6:      layout_gridville
Temple:   minmay_crystal_spiral_temple

Skill      XL: |  1  2  3  4  5  6  7  8 |
---------------+-------------------------+-----
Fighting       | 1 2 3 4 |  4.7
Short Blades   | 2 3 4 5 |  5.7
Stealth        | 5 6 7 |  7.4
Hexes          | 5 6 |  6.9
Dodging        | 3 4 |  4.0
Spellcasting   | 3 4 |  4.0

Action                     |  1- 3 |  4- 6 |  7- 9 || total
---------------------------+-------+-------+-------++-------
  Melee: Dagger            |   109 |   111 |   120 ||   340
         Bite              |     9 |     8 |    16 ||    33
         Punch             |       |       |     1 ||     1
  Throw: Dart              |     2 |       |       ||     2
   Cast: Ensorcelled Hiber |     7 |    22 |    32 ||    61
         Confusing Touch   |       |     3 |     4 ||     7
         Tukima's Dance    |       |       |    14 ||    14
         Dazzling Flash    |       |       |     2 ||     2
Ability: Lunge             |       |       |     3 ||     3
         Whirlwind         |       |       |     2 ||     2
    Use: Scroll            |     4 |     2 |     3 ||     9
         Potion            |       |     1 |       ||     1
   Stab: Sleeping          |    21 |    13 |    25 ||    59
         Confused          |       |     3 |     3 ||     6
         Invisible         |       |       |     2 ||     2
 Armour: Robe              |    19 |    32 |    33 ||    84
  Dodge: Dodged            |    50 |    60 |    87 ||   197

Table legend: (Time is in decaauts)
 A = Elapsed time spent in this place.
 B = Non-inter-level travel time spent in this place.
 C = Inter-level travel time spent in this place.
 D = Time resting spent in this place.
 E = Time spent auto-exploring this place.
 F = Levels seen in this place.
 G = Mean time per level.
                   A        B        C        D        E       F      G
               +--------+--------+--------+--------+--------+-----+--------+
         Total |   4909 |   4574 |    335 |    457 |   3079 |   8 |  613.6 |
       Dungeon |   4450 |   4188 |    262 |    189 |   3013 |   6 |  741.7 |
        Temple |     74 |      1 |     73 |      0 |      0 |   1 |   74.0 |
         Sewer |    384 |    384 |      0 |    268 |     66 |   1 |  384.0 |
               +--------+--------+--------+--------+--------+-----+--------+

Top non-repeatable levels by time:
     D:2: 1189 daAuts
     D:3: 910 daAuts
     D:1: 845 daAuts
     D:4: 754 daAuts
     D:5: 488 daAuts
   Sewer: 384 daAuts
     D:6: 262 daAuts
  Temple: 74 daAuts
